 Dungeon Crawl Stone Soup version 0.32-a0-673-g3729bd50f8 (webtiles) character file.

Game seed: 14945779549324128167

31 dolemite99 the Grave Robber (level 3, -3/24 HPs)
             Began as a Coglin Necromancer on Mar 10, 2024.
             Slain by Terence
             ... wielding a +2 trident of holy wrath
              (6 damage)
             ... on level 2 of the Dungeon.
             The game lasted 00:02:34 (1453 turns).

dolemite99 the Grave Robber (Coglin Necromancer)    Turns: 1453, Time: 00:02:35

Health: -3/24      AC:  2    Str:  8    XL:     3   Next: 22%
Magic:  3/5        EV: 12    Int: 16    God:
Gold:   72         SH:  0    Dex: 14    Spells: 4/5 levels left

rFire   . . .        s - +0 whip (pain) {Sieglinde}
rCold   . . .        k - +0 short sword {Juwon}
rNeg    . . .        a - +0 robe
rPois   .            (no helmet)
rElec   .            (no cloak)
rCorr   .            (no gloves)
SInv    .            (no boots)
Will    .....        (amulet unavailable)
Stlth   ++           (ring unavailable)
HPRegen 0.24/turn    (ring unavailable)
MPRegen 0.09/turn    (no gizmo)

%: no passive effects
@: no status effects
A: off-hand wielding, slow wielding, warmup strikes, no jewellery
a: Invent Gizmo


You were on level 2 of the Dungeon.
You visited 1 branch of the dungeon, and saw 2 of its levels.

You collected 72 gold pieces.

Inventory:

Hand Weapons
 h - a +0 club {Arsinoe}
 j - a +0 dagger {Hamal}
 k - a +0 short sword (offhand) {Juwon}
 r - a +0 short sword {Naredduv}
 s - a +0 whip of pain (weapon) {Sieglinde}
Armour
 a - a +0 robe (worn)
 p - a +0 ring mail
Scrolls
 g - a scroll of fear {unknown}
 l - a scroll of identify {unknown}
 o - a scroll of revelation {unknown}
 q - a scroll of amnesia {unknown}
Potions
 c - a potion of mutation {unknown}
 d - a potion of curing {unknown}
 e - a potion of lignification {unknown}
 f - a potion of brilliance {unknown}
 i - a potion of might {unknown}
 m - a potion of ambrosia {unknown}
 n - 2 potions of heal wounds {unknown}


   Skills:
 - Level 1.7 Dodging
 - Level 1.5 Stealth
 - Level 1.7 Spellcasting
 + Level 5.0 Necromancy


You had 4 spell levels left.
You knew the following spells:

 Your Spells              Type           Power      Damage    Failure   Level
a - Necrotise             Necr           68%        1d7       2%          1

Your spell library contained the following spells:

 Spells                   Type           Power      Damage    Failure   Level
 Vampiric Draining        Necr           17%        2d7       8%          3
 Animate Dead             Necr           17%        N/A       26%         4
 Curse of Agony           Necr           17%        N/A       58%         5


Dungeon Overview and Level Annotations

Branches:
Dungeon (2/15)

Altars:

Annotations:
D:2 Terence


Innate Abilities, Weirdness & Mutations

You can wield a second weapon in your off-hand.
It takes a long time for you to wield or remove held weapons.
Your first few attacks do less damage.
You cannot equip rings or amulets.


Message History

Terence closely misses you. Magic courses through your body.
The kobold shouts!
The kobold throws a stone.
The stone barely misses you. Terence closely misses you.
Casting: Necrotise (safe; 2% risk of failure)
Confirm with . or Enter, or press ? or * to list all spells.
Aiming: Necrotise (safe; 2% risk of failure)
Press: ? - help, Shift-Dir - straight line, f - Terence
Aim: Terence, wielding a +2 trident of holy wrath and wearing a +0 ring mail (ally target, chance to affect: 81%) Terence writhes in agony.
The kobold throws a stone.
The stone misses you.
Terence hits you from afar with a +2 trident of holy wrath!
Your rat skeleton closely misses Terence.
Casting: Necrotise (safe; 2% risk of failure)
Confirm with . or Enter, or press ? or * to list all spells.
Aiming: Necrotise (safe; 2% risk of failure)
Press: ? - help, Shift-Dir - straight line, f/p - Terence
Aim: Terence, wielding a +2 trident of holy wrath and wearing a +0 ring mail (moderately wounded, ally target, chance to affect: 81%) Terence barely resists.
The kobold throws a stone.
The stone barely misses you.
Terence hits you from afar with a +2 trident of holy wrath!
* * * LOW HITPOINT WARNING * * *
Your rat skeleton bites Terence.
Casting: Necrotise (safe; 2% risk of failure)
Confirm with . or Enter, or press ? or * to list all spells.
Okay, then.
Found a dagger.
The kobold throws a stone.
The stone completely misses you. Terence attacks as he pursues you!
Terence hits you from afar with a +2 trident of holy wrath.
* * * LOW HITPOINT WARNING * * *
Your rat skeleton bites Terence but does no damage.
Casting: Necrotise (safe; 2% risk of failure)
Confirm with . or Enter, or press ? or * to list all spells.
Aiming: Necrotise (safe; 2% risk of failure)
Press: ? - help, Shift-Dir - straight line, f/p - Terence
Aim: Terence, wielding a +2 trident of holy wrath and wearing a +0 ring mail (moderately wounded, ally target, chance to affect: 81%) Terence writhes in agony.
The kobold throws a stone.
The stone barely misses you.
Terence hits you from afar with a +2 trident of holy wrath.
You die...
Terence says, "That felt goooood."

### ..... #
#....##### .#
#........####.# .
#........#....#....
#........@.@......)
#.......Z........##
#................#
#...............$..
#.....<..#.%.K.....
#........#....###..
................# .
..................
$#................


You could see Terence (ally target), a kobold and a friendly rat skeleton.

Vanquished Creatures
  A dart slug (D:1)
  2 ball pythons (D:1)
  2 endoplasms (D:1)
  A giant cockroach (D:1)
  3 goblins (D:1)
  A hobgoblin (D:1)
  6 jackals (D:1)
  3 kobolds (D:1)
  A quokka (D:1)
  2 frilled lizards (D:1)
  3 rats
25 creatures vanquished.

Notes
Turn   | Place    | Note
-------+----------+-------------------------------------------
     0 | D:1      | dolemite99 the Coglin Necromancer began the quest for the
                  | Orb.
     0 | D:1      | Reached XP level 1. HP: 13/13 MP: 3/3
   316 | D:1      | Reached XP level 2. HP: 19/19 MP: 1/4
  1025 | D:1      | Reached XP level 3. HP: 24/24 MP: 3/5
  1163 | D:1      | Reached skill level 5 in Necromancy
  1440 | D:2      | Noticed Terence
  1453 | D:2      | Slain by Terence

Illustrated notes

Levels and vault maps discovered:
D:1:      dpeg_arrival_line_fractal, layout_loops_cross
D:2:      layout_basic, serial_shops, nicolae_diamond_shop,
          uniq_crazy_yiuf_cottage, uniq_jessica, uniq_terence, uniq_robin

Skill      XL: |  1  2  3 |
---------------+----------+-----
Necromancy     | 5 |  5.0
Dodging        | |  1.7
Stealth        | |  1.5
Spellcasting   | |  1.7

Action                     || total
---------------------------++-------
  Melee: Unarmed           ||     3
         Short sword       ||    21
         Dagger            ||    18
         Club              ||     1
   Cast: Necrotise         ||    41
    Use: Potion            ||     1
 Armour: Robe              ||    32
  Dodge: Dodged            ||    34

Table legend: (Time is in decaauts)
 A = Elapsed time spent in this place.
 B = Non-inter-level travel time spent in this place.
 C = Inter-level travel time spent in this place.
 D = Time resting spent in this place.
 E = Time spent auto-exploring this place.
 F = Levels seen in this place.
 G = Mean time per level.
                   A        B        C        D        E       F      G
               +--------+--------+--------+--------+--------+-----+--------+
         Total |   1453 |   1418 |     35 |    552 |    578 |   2 |  726.5 |
       Dungeon |   1453 |   1418 |     35 |    552 |    578 |   2 |  726.5 |
               +--------+--------+--------+--------+--------+-----+--------+

Top non-repeatable levels by time:
     D:1: 1435 daAuts
     D:2: 17 daAuts
